 Dungeon Crawl Stone Soup version 0.27-a0-1277-g3808f8b1c9 (webtiles) character file.

Game seed: 10225636819134355324

4209 Johnny the Thaumaturge (level 10, -4/65 HPs)
             Began as a Deep Elf Earth Elementalist on June 12, 2021.
             Was a Believer of Dithmenos.
             Killed from afar by an acid dragon (9 damage)
             ... with a splash of acid
             ... on level 8 of the Dungeon.
             The game lasted 00:12:48 (11021 turns).

Johnny the Thaumaturge (DEEE)                      Turns: 11021, Time: 00:12:48

Health: -4/65      AC:  4    Str:  3    XL:     10   Next: 8%
Magic:  6/25       EV: 12    Int: 30    God:    Dithmenos [**....]
Gold:   372        SH:  0    Dex: 15    Spells: 13/28 levels left

rFire    . . .     SeeInvis +   E - +8 war axe of Turmoil {vamp, rC+ rN+ Str-2 SInv Stlth+}
rCold    + . .     Faith    +   (no shield)
rNeg     + . .     Spirit   .   c - +0 robe
rPois    .         Reflect  .   l - +0 helmet
rElec    .         Harm     .   (no cloak)
rCorr    .         Rampage  .   H - +0 pair of gloves
Will     +....                  (no boots)
Stlth    ++++......             B - amulet of faith
HPRegen  0.20/turn              g - ring of wizardry
MPRegen  0.19/turn              G - +6 ring of intelligence

@: lethally poisoned (-4 -> -6), wreathed by umbra
A: no striking features
a: Renounce Religion, Shadow Step


You were on level 8 of the Dungeon.
You worshipped Dithmenos.
Dithmenos was pleased with you.
You visited 2 branches of the dungeon, and saw 9 of its levels.
You also visited: Ossuary and Bailey.

You collected 372 gold pieces.

Inventory:

Hand Weapons
 f - a +0 hand axe of venom
 q - a +2 dagger of venom
 E - the +8 war axe of Turmoil (weapon) {vamp, rC+ rN+ Str-2 SInv Stlth+}
   (You found it on level 6 of the Dungeon)

   It inflicts no extra harm, but heals its wielder when it wounds a living foe.
   It affects your strength (-2).
   It protects you from cold.
   It protects you from negative energy.
   It lets you see invisible.
   It makes you more stealthy.
Missiles
 b - 97 stones
 D - 2 throwing nets
 F - 8 atropa-tipped darts
Armour
 c - a +0 robe (worn)
 l - a +0 helmet (worn)
 H - a +0 pair of gloves (worn)
Jewellery
 g - a ring of wizardry (left hand)
 B - an amulet of faith (around neck)
 G - a +6 ring of intelligence (right hand)
Wands
 h - a wand of flame (10)
 n - a wand of iceblast (2)
Scrolls
 d - 2 scrolls of noise {unknown}
 e - 8 scrolls of vulnerability
 i - 5 scrolls of teleportation
 j - 3 scrolls of acquirement {unknown}
 k - a scroll of enchant weapon {unknown}
 o - 2 scrolls of blinking {unknown}
 p - 2 scrolls of magic mapping {unknown}
 r - 2 scrolls of fog
 s - a scroll of enchant armour {unknown}
 w - a scroll of immolation {unknown}
 x - a scroll of summoning {unknown}
 y - a scroll of fear {unknown}
 C - a scroll of holy word {unknown}
Potions
 a - a potion of attraction
 m - a potion of might
 t - 2 potions of heal wounds
 u - a potion of cancellation
 v - a potion of flight
 z - 2 potions of haste
 A - a potion of mutation
 I - 2 potions of degeneration
 J - a potion of lignification


   Skills:
 * Level 8.7 Fighting
 - Level 2.4 Dodging
 - Level 2.4 Stealth
 + Level 9.9 Spellcasting
 - Level 1.1 Transmutations
 + Level 8.7 Earth Magic


You had 13 spell levels left.
You knew the following spells:

 Your Spells              Type           Power      Damage    Failure   Level
a - Sandblast             Erth           100%       2d20      1%          1
b - Stone Arrow           Conj/Erth      82%        3d12      1%          3
c - Lee's Rapid Deconstr  Erth           30%        3d17*     1%          5
d - Petrify               Tmut/Erth      44%        N/A       1%          4
e - Blink                 Tloc           N/A        N/A       2%          2

Your spell library contained the following spells:

 Spells                   Type           Power      Damage    Failure   Level
 Magic Dart               Conj           56%        1d5       1%          1
 Shock                    Conj/Air       56%        1d6       1%          1
 Passwall                 Tmut/Erth      36%        N/A       1%          2
 Call Imp                 Summ           14%        N/A       2%          2
 Slow                     Hex            14%        N/A       2%          2
 Static Discharge         Conj/Air       14%        N/A       2%          2
 Conjure Flame            Conj/Fire      14%        6-21      4%          3
 Mephitic Cloud           Conj/Pois/Air  14%        N/A       4%          3
 Swiftness                Air            14%        N/A       4%          3
 Bolt of Magma            Conj/Fire/Erth 16%        4d9       12%         5
 Airstrike                Air            7%         N/A       14%         4
 Iron Shot                Conj/Erth      20%        9d5       32%         6
 Iskenderun's Battlesphe  Conj           14%        2d7       36%         5
 Lightning Bolt           Conj/Air       7%         1d19      36%         5
 Orb of Destruction       Conj           7%         9d3       100%        7
 Spellforged Servitor     Conj/Summ      7%         N/A       100%        7


Dungeon Overview and Level Annotations

Branches:
Dungeon (8/15)             Temple (1/1) D:4         Ossuary (visited)
 Bailey (visited)
   Lair: D:8-11

Altars:
Ashenzari
Cheibriados
Dithmenos
Elyvilon
Gozag
Hepliaklqana
Kikubaaqudgha
Makhleb
Nemelex Xobeh
Okawaru
Ru
Trog
Uskayaw
Vehumet
Wu Jian
Xom
Yredelemnul
The Shining One

Shops:
D:6 (


Message History

You feel very sick.
The kobold hits you with a +0 short sword.
Casting: Sandblast (safe; 1% risk of failure)
Confirm with . or Enter, or press ? or * to list all spells.
Aiming: Sandblast (safe; 1% risk of failure)
Press: ? - help, Shift-Dir - straight line, f - kobold
Aim: a kobold, wielding a +0 short sword and quivering stones (umbra, 80% to hit)
The blast of sand hits the kobold!
You kill the kobold!
Dithmenos accepts your kill.
You feel sick.
Casting: Sandblast (safe; 1% risk of failure)
Confirm with . or Enter, or press ? or * to list all spells.
You can't see any susceptible monsters within range! (Use Z to cast anyway.)
Casting: Sandblast (safe; 1% risk of failure)
Confirm with . or Enter, or press ? or * to list all spells.
You can't see any susceptible monsters within range! (Use Z to cast anyway.)
You start resting.
You feel sick. x2
An acid dragon comes into view.
An acid dragon is nearby!
Aiming: Iceblast
Press: ? - help, Shift-Dir - straight line, f - acid dragon
Aim: an acid dragon (umbra)
The mass of ice explodes!
The iceblast engulfs the acid dragon!
The acid dragon is heavily wounded.
You feel sick. The acid dragon spits acid at you. The splash of acid hits you!
* * * LOW HITPOINT WARNING * * *
You are splashed with acid!
* * * LOW HITPOINT WARNING * * *
Aiming: Iceblast
Press: ? - help, Shift-Dir - straight line, f/p - acid dragon
Aim: an acid dragon (heavily wounded, catching its breath, umbra)
The mass of ice explodes!
The iceblast engulfs the acid dragon!
The acid dragon is almost dead.
You feel sick. The acid dragon spits acid at you. The splash of acid hits you!
You die...

# #..###### #..
#.....<.# ...#
##.####.#### D.8..
...........#####)))...
#######.......@))8....
#.##....))..).>.
#.#######..8.... #.#
#...... #.# ...8.. #.#
$#...# #.. ####.


You could see an acid dragon (catching breath).

Vanquished Creatures
  An orc knight (Bailey)
  Grinder (D:3)
  2 hornets
  A wraith (Ossuary)
  Menkaure (D:4)
  A water moccasin (D:7)
  2 orc warriors
  3 black bears
  5 ogres
  2 sky beasts (D:6)
  A centaur (D:8)
  A phantom (D:4)
  A kobold brigand (D:8)
  Blork the orc (D:6)
  A bullfrog (D:6)
  5 scorpions
  A howler monkey (D:6)
  3 jellies
  5 orc priests
  A hound (D:5)
  2 bullfrog skeletons
  Ijyb (D:3)
  2 centaur skeletons
  Terence (D:3)
  6 iguanas
  Natasha (thrice) (D:3)
  2 orc wizards (D:7)
  2 mummies
  Robin (D:2)
  6 gnolls
  2 howler monkey skeletons
  10 adders
  A white imp (D:6)
  An adder zombie (D:3)
  A worm (D:3)
  A dart slug (D:3)
  29 orcs
  4 bats
  7 endoplasms
  6 giant cockroaches
  30 goblins
  19 hobgoblins
  4 jackals (D:2)
  3 quokkas
  9 ball pythons
  6 frilled lizards
  5 gnoll skeletons (Ossuary)
  A goblin zombie (D:5)
  13 kobolds
  4 kobold skeletons (Ossuary)
  A kobold zombie (D:5)
  16 orc skeletons (Ossuary)
  3 rats
241 creatures vanquished.

Vanquished Creatures (others)
  3 plants (D:4)
3 creatures vanquished.

Grand Total: 244 creatures vanquished

Notes
Turn   | Place    | Note
-------+----------+-------------------------------------------
     0 | D:1      | Johnny the Deep Elf Earth Elementalist began the quest for
                  | the Orb.
     0 | D:1      | Reached XP level 1. HP: 10/10 MP: 6/6
    87 | D:1      | Found a faded altar of an unknown god.
   112 | D:1      | Reached XP level 2. HP: 15/16 MP: 4/8
   273 | D:1      | Reached skill level 1 in Fighting
  1310 | D:2      | Reached XP level 3. HP: 20/20 MP: 6/10
  1317 | D:2      | Learned a level 3 spell: Stone Arrow
  1607 | D:2      | Noticed Robin
  1609 | D:2      | Killed Robin
  1725 | D:2      | Reached XP level 4. HP: 23/26 MP: 9/11
  1805 | D:2      | Noticed a scorpion
  1815 | D:2      | Killed a scorpion
  1816 | D:2      | Reached skill level 4 in Spellcasting
  2411 | D:3      | Reached XP level 5. HP: 27/31 MP: 8/13
  2503 | D:3      | Noticed Terence
  2508 | D:3      | Killed Terence
  2925 | D:3      | Noticed Natasha
  2928 | D:3      | Killed Natasha
  2996 | D:3      | Noticed a black bear
  2998 | D:3      | Noticed Natasha
  3034 | D:3      | Killed Natasha
  3036 | D:3      | Killed a black bear
  3037 | D:3      | Reached skill level 5 in Spellcasting
  3037 | D:3      | Reached XP level 6. HP: 31/37 MP: 5/15
  3226 | D:3      | Noticed Natasha
  3232 | D:3      | Killed Natasha
  3407 | D:3      | Noticed Grinder
  3415 | D:3      | Paralysed by Grinder for 4 turns
  3419 | D:3      | Killed Grinder
  3420 | D:3      | Reached skill level 5 in Earth Magic
  3420 | D:3      | Reached XP level 7. HP: 35/44 MP: 4/17
  3613 | D:3      | Noticed Ijyb
  3625 | D:3      | Killed Ijyb
  4149 | D:4      | Reached skill level 6 in Spellcasting
  4301 | D:4      | Reached skill level 5 in Fighting
  4661 | D:4      | Found a staircase to the Ecumenical Temple.
  4773 | D:4      | Reached XP level 8. HP: 20/49 MP: 13/20
  4981 | D:4      | Found a shimmering altar of Xom.
  5056 | D:4      | Reached skill level 7 in Spellcasting
  5172 | D:4      | Found an iron altar of Okawaru.
  5175 | D:4      | Found a burning altar of Makhleb.
  5176 | D:4      | Found a white marble altar of Elyvilon.
  5176 | D:4      | Found a broken altar of Ashenzari.
  5177 | D:4      | Found an ornate altar of the Wu Jian Council.
  5178 | D:4      | Found a sacrificial altar of Ru.
  5180 | D:4      | Found an ancient bone altar of Kikubaaqudgha.
  5859 | D:4      | Noticed Menkaure
  5871 | D:4      | Killed Menkaure
  6188 | D:5      | Entered Level 5 of the Dungeon
  6214 | D:5      | Found a sand-covered staircase.
  6225 | Ossuary  | Entered an ossuary
  6289 | Ossuary  | Learned a level 5 spell: Lee's Rapid Deconstruction
  6539 | Ossuary  | Reached skill level 8 in Spellcasting
  6924 | D:5      | Learned a level 4 spell: Petrify
  6927 | D:5      | Learned a level 2 spell: Blink
  7044 | D:5      | Reached XP level 9. HP: 56/56 MP: 16/23
  7798 | Temple   | Entered the Ecumenical Temple
  7856 | Temple   | Became a worshipper of Dithmenos the Shadowed
  8123 | D:6      | Identified the +8 war axe of Turmoil {vamp, rC+ rN+ Str-2
                  | SInv Stlth+}
  8428 | D:6      | Noticed Blork the orc
  8438 | D:6      | Killed Blork the orc
  8455 | D:6      | Reached skill level 9 in Spellcasting
  8884 | D:6      | Found Xoepism's Antique Weapon Emporium.
  9362 | D:7      | Reached * piety under Dithmenos
  9834 | D:7      | Found a flagged portal.
  9847 | Bailey   | Entered a bailey
  9963 | Bailey   | Reached ** piety under Dithmenos
 10055 | Bailey   | Noticed an orc knight
 10060 | Bailey   | Killed an orc knight
 10061 | Bailey   | Reached XP level 10. HP: 39/65 MP: 0/25
 10182 | Bailey   | Noticed an orc warlord
 10273 | Bailey   | Identified the +6 morningstar of Grontol {protect, rElec
                  | rCorr Str+3}
 10279 | Bailey   | HP: 1/65 [goblin (3)]
 11021 | D:8      | Killed from afar by an acid dragon

Illustrated notes

Levels and vault maps discovered:
D:1:      minmay_arrival_open_corners, layout_basic,
          hellmonk_ecumenical_altar_run_dry, minmay_vboxes
D:2:      layout_basic, uniq_robin
D:3:      layout_basic, kennysheep_generic_room_9, uniq_grinder, uniq_terence,
          uniq_ijyb, uniq_natasha
D:4:      minmay_chambers_of_twos, layout_basic, minitemple, temple_doors_e,
          serial_bayou_pond_a, minmay_fractal_squares_5, uniq_menkaure
D:5:      layout_basic, nicolae_ossuary_entry_giza
D:6:      layout_loops_corners, serial_shops, shop, minmay_misc_feat_doors,
          uniq_blork_the_orc
D:7:      layout_rooms, enter_bailey_5, supply_closet_lemuel,
          chequers_serial_rivers_micro_e
D:8:      layout_loops_ring, grunt_temple_overflow_forces_of_nature,
          due_lair_maze_entry_diamond, grunt_ministairs_9
Temple:   zaba_magenta_temple

Skill      XL: |  1  2  3  4  5  6  7  8  9 |
---------------+----------------------------+-----
Fighting       | 1 2 3 4 5 6 8 |  8.7
Spellcasting   | 4 5 6 8 9 |  9.9
Earth Magic    | 4 5 6 7 8 |  8.7
Dodging        | |  2.4
Stealth        | |  2.4
Transmutations | |  1.1

Action                   |  1- 3 |  4- 6 |  7- 9 | 10-12 || total
-------------------------+-------+-------+-------+-------++-------
Melee: Unarmed           |    25 |     6 |       |       ||    31
       Hand axe          |       |     1 |    33 |       ||    34
       Dagger            |       |       |    78 |       ||    78
       War axe           |       |       |    55 |     7 ||    62
 Cast: Sandblast         |    53 |    51 |    38 |     5 ||   147
       Stone Arrow       |       |    20 |    79 |     1 ||   100
       Lee's Rapid Decon |       |       |    21 |     9 ||    30
       Blink             |       |       |     1 |     8 ||     9
       Petrify           |       |       |     1 |     3 ||     4
Evoke: Wand              |       |       |     5 |     2 ||     7
  Use: Potion            |       |     4 |       |       ||     4
       Scroll            |       |       |       |    12 ||    12
 Stab: Sleeping          |       |     1 |     8 |     1 ||    10
       Distracted        |       |       |     1 |       ||     1
Armor: Robe              |     4 |     7 |    32 |     2 ||    45
Dodge: Dodged            |    24 |    28 |   136 |    15 ||   203

Table legend: (Time is in decaauts)
 A = Elapsed time spent in this place.
 B = Non-inter-level travel time spent in this place.
 C = Inter-level travel time spent in this place.
 D = Time resting spent in this place.
 E = Time spent auto-exploring this place.
 F = Levels seen in this place.
 G = Mean time per level.
                   A        B        C        D        E       F      G
               +--------+--------+--------+--------+--------+-----+--------+
         Total |  11091 |  10799 |    292 |   2378 |   6987 |  11 | 1008.3 |
       Dungeon |   9995 |   9721 |    274 |   2011 |   6621 |   8 | 1249.4 |
        Temple |     75 |     57 |     18 |      0 |     54 |   1 |   75.0 |
       Ossuary |    575 |    575 |      0 |    201 |    256 |   1 |  575.0 |
        Bailey |    444 |    444 |      0 |    166 |     56 |   1 |  444.0 |
               +--------+--------+--------+--------+--------+-----+--------+

Top non-repeatable levels by time:
     D:3: 1984 daAuts
     D:4: 1904 daAuts
     D:6: 1795 daAuts
     D:1: 1224 daAuts
     D:2: 1155 daAuts
     D:5: 1028 daAuts
     D:7: 879 daAuts
 Ossuary: 575 daAuts
  Bailey: 444 daAuts
  Temple: 75 daAuts
     D:8: 22 daAuts
